 Dungeon Crawl Stone Soup version 0.31-a0-889-g1a8549509d (webtiles) character file.

Game seed: 17334440933893073411

233 TheGamechu the Trooper (level 5, -3/48 HPs)
             Began as a Minotaur Fighter on Oct 16, 2023.
             Killed by divine providence
             ... invoked by an orc priest
              (12 damage)
             ... on level 4 of the Dungeon.
             The game lasted 00:08:27 (3216 turns).

TheGamechu the Trooper (Minotaur Fighter)           Turns: 3216, Time: 00:08:28

Health: -3/48      AC: 12    Str: 23    XL:     5   Next: 74%
Magic:  4/4        EV:  8    Int:  5    God:
Gold:   165        SH:  4    Dex:  9    Spells: 4/4 levels left

rFire   . . .        j - +2 whip (drain)
rCold   . . .        c - +0 buckler
rNeg    . . .        f - +0 chain mail
rPois   .            (helmet restricted)
rElec   .            n - scarf {repulsion}
rCorr   .            p - +0 pair of gloves
SInv    .            e - +0 pair of boots
Will    .....        (no amulet) Stlth
                     (no ring)
HPRegen 0.28/turn    (no ring)
MPRegen 0.09/turn

%: repel missiles
@: no status effects
A: horns 2, retaliatory headbutt
a: no special abilities


You were on level 4 of the Dungeon.
You visited 1 branch of the dungeon, and saw 4 of its levels.
You also visited: Sewer.

You collected 165 gold pieces.

Inventory:

Hand Weapons
 a - a +0 war axe
 j - a +2 whip of draining (weapon)
Missiles
 b - 56 stones (quivered)
Armour
 c - a +0 buckler (worn)
 e - a +0 pair of boots (worn)
 f - a +0 chain mail (worn)
 n - a scarf of repulsion (worn)
 p - a +0 pair of gloves (worn)
Wands
 k - a wand of iceblast (4)
 o - a wand of charming (7)
Scrolls
 h - a scroll of enchant armour {unknown}
 i - 2 scrolls of teleportation
 l - a scroll of fear
 r - a scroll of immolation {unknown}
 s - a scroll of amnesia {unknown}
Potions
 d - a potion of might
 g - 5 potions of enlightenment
 m - a potion of magic {unknown}
 q - a potion of brilliance


   Skills:
 + Level 5.0 Fighting
 + Level 4.2 Axes
 + Level 2.1 Throwing
 + Level 5.0 Armour
 - Level 4.0 Shields


You had 4 spell levels left.
You didn't know any spells.
Your spell library contained the following spells:

 Spells                   Type           Power      Damage    Failure   Level
 Apportation              Tloc           0%         N/A       98%         1
 Cigotuvi's Dreadful Rot  Necr/Pois/Air  0%         N/A       99%         2
 Jinxbite                 Hex            0%         N/A       99%         2
 Ignite Poison            Fire/Tmut/Pois 0%         N/A       100%        3
 Alistair's Intoxication  Tmut/Pois      0%         N/A       100%        5
 Freezing Cloud           Conj/Ice/Air   0%         6-21      100%        5


Dungeon Overview and Level Annotations

Branches:
Dungeon (4/15)              Sewer (visited)
 Temple: D:4-7

Altars:
Ru

Shops:
D:1 =

Annotations:
D:4 1 runed translucent door


Innate Abilities, Weirdness & Mutations

You have a pair of horns on your head.
You reflexively headbutt those who attack you in melee.


Message History

You open the door.
A hobgoblin comes into view.
The hobgoblin shouts!
The hobgoblin barely misses you.
There is an open door here.
You hit the hobgoblin. You drain the hobgoblin.
You kill the hobgoblin!
Found a ring mail.
You open the door.
An orc priest comes into view. It is wielding a +0 morningstar.
The orc priest shouts!
You hear a shout! x3
An orc priest comes into view. It is wielding a +0 club.
An orc comes into view. It is wielding a +0 mace.
An orc, an orc priest and a goblin come into view.
Found a runed translucent gate.
The orc shouts! x2; The orc priest shouts!
The orc priest hits you with a +0 morningstar.
The goblin moves out of view.
There is an open door here.
You completely miss the orc priest.
The orc priest mumbles some strange prayers to Beogh against you.
Beogh smites you!
You hit the orc priest. You headbutt the orc priest.
The orc priest is heavily wounded.
The orc priest hits you with a +0 morningstar!
You barely miss the orc priest. Your headbutt misses the orc priest.
The orc priest is heavily wounded.
The orc priest begins to cast a cantrip, but forgets the words!
The orc priest hits you with a +0 morningstar.
* * * LOW HITPOINT WARNING * * *
You hit the orc priest but do no damage.
You drain the orc priest. You headbutt the orc priest.
You kill the orc priest!
The orc hits you with a +0 falchion.
* * * LOW HITPOINT WARNING * * *
The orc hits you with a +0 mace.
* * * LOW HITPOINT WARNING * * *
The orc priest calls down the wrath of Beogh upon you.
Beogh smites you!
You die...

#......#
#......# .# ...
##......# .####+
#..[....# g.....
####....###.....
#......#....#
#......#.g..#
#.....)#o...#
#.....@oo...#
#.....o#....#
##+##..###+##
##+#


You could see 2 orc priests, 2 orcs and a goblin.

Vanquished Creatures
  An orc priest (D:4)
  An iguana (D:3)
  An orc wizard (D:3)
  A sickly merfolk siren (Sewer)
  A malarious merfolk avatar (Sewer)
  3 adders (D:2)
  2 worms
  A dart slug (D:2)
  7 orcs (D:3)
  4 endoplasms
  5 giant cockroaches (D:3)
  4 goblins
  4 hobgoblins
  3 jackals (D:3)
  5 quokkas
  6 ball pythons
  4 bats
  13 frilled lizards
  9 kobolds
  28 rats
103 creatures vanquished.

Notes
Turn   | Place    | Note
-------+----------+-------------------------------------------
     0 | D:1      | TheGamechu the Minotaur Fighter began the quest for the
                  | Orb.
     0 | D:1      | Reached XP level 1. HP: 19/19 MP: 0/0
    56 | D:1      | Found Peirho Eqoo's Jewellery Emporium.
   307 | D:1      | Reached XP level 2. HP: 27/27 MP: 1/1
   971 | D:2      | Reached XP level 3. HP: 33/33 MP: 2/2
  1811 | D:3      | Reached skill level 1 in Throwing
  1814 | D:3      | Found a sacrificial altar of Ru.
  1853 | D:3      | Found a glowing drain.
  1858 | D:3      | Reached XP level 4. HP: 41/41 MP: 3/3
  1879 | Sewer    | Entered a sewer
  2139 | Sewer    | Reached XP level 5. HP: 47/47 MP: 4/4
  2677 | D:3      | Reached skill level 5 in Fighting
  2816 | D:3      | Reached skill level 5 in Armour
  3211 | D:4      | Found a runed translucent gate.
  3216 | D:4      | Killed from afar by an orc priest

Illustrated notes

Levels and vault maps discovered:
D:1:      reono_arrival_mine, layout_loops_corners, serial_shops,
          nicolae_shop_hallway_stairs, serial_glass, glass_columns_b,
          glass_columns_b, glass_columns_b, glass_columns_a
D:2:      layout_basic
D:3:      layout_loops_ring, lemuel_doored_altar, portal_sewer_entry_f,
          kennysheep_pointless_box, chequers_serial_rivers_micro_d
D:4:      layout_gridville, nicolae_elyvilon_temple_path,
          gammafunk_ghost_cemetery

Skill      XL: |  1  2  3  4  5 |
---------------+----------------+-----
Fighting       | 4 5 |  5.0
Shields        | 4 |  4.0
Axes           | 3 4 |  4.2
Armour         | 4 5 |  5.0
Throwing       | 1 2 |  2.1

Action                     |  1- 3 |  4- 6 || total
---------------------------+-------+-------++-------
  Melee: War axe           |    28 |       ||    28
         Whip              |    48 |   162 ||   210
         Headbutt          |     5 |    16 ||    21
  Throw: Stone             |    11 |     5 ||    16
    Use: Scroll            |     4 |     2 ||     6
 Armour: Chain mail        |    42 |    92 ||   134
  Dodge: Dodged            |    28 |    40 ||    68
  Block: Buckler           |    14 |    31 ||    45

Table legend: (Time is in decaauts)
 A = Elapsed time spent in this place.
 B = Non-inter-level travel time spent in this place.
 C = Inter-level travel time spent in this place.
 D = Time resting spent in this place.
 E = Time spent auto-exploring this place.
 F = Levels seen in this place.
 G = Mean time per level.
                   A        B        C        D        E       F      G
               +--------+--------+--------+--------+--------+-----+--------+
         Total |   3293 |   3223 |     70 |    112 |   2199 |   5 |  658.6 |
       Dungeon |   2887 |   2817 |     70 |    112 |   2113 |   4 |  721.8 |
         Sewer |    406 |    406 |      0 |      0 |     85 |   1 |  406.0 |
               +--------+--------+--------+--------+--------+-----+--------+

Top non-repeatable levels by time:
     D:3: 1036 daAuts
     D:1: 919 daAuts
     D:2: 900 daAuts
   Sewer: 406 daAuts
     D:4: 30 daAuts
